 Dungeon Crawl Stone Soup version 0.20.0-15-g7f486f2 (webtiles) character file.

24 taytron the Conjurer (level 2, -6/20 HPs)
             Began as a Draconian Conjurer on June 12, 2017.
             Mangled by a gnoll
             ... wielding a +0 spear
              (8 damage)
             ... on level 3 of the Dungeon.
             The game lasted 00:12:18 (660 turns).

taytron the Conjurer (Draconian Conjurer)            Turns: 660, Time: 00:12:19

Health: -6/20      AC:  4    Str: 10    XL:     2   Next: 79%
Magic:  0/5        EV: 11    Int: 15    God:
Gold:   67         SH:  3    Dex: 11    Spells: 2/5 levels left

rFire    . . .     SeeInvis .   (no weapon)
rCold    . . .     Gourm    .   p - +0 buckler
rNeg     . . .     Faith    .   (armour unavailable)
rPois    .         Spirit   .   (helmet restricted)
rElec    .         Reflect  .   (no cloak)
rCorr    .         Harm     .   (no gloves)
MR       .....                  (no boots)
Stlth    ++........             (no amulet)
Regen    0.1/turn               (no ring)
MPRegen  0.1/turn               (no ring)

@: no status effects
A: unfitting armour, cold-blooded, AC +4
a: no special abilities


You were on level 3 of the Dungeon.
You were not hungry.

You visited 1 branch of the dungeon, and saw 3 of its levels.

You collected 67 gold pieces.

Inventory:

Hand Weapons
 d - a +0 dagger
 k - a +0 dagger
 o - a +0 dagger
Missiles
 l - 73 stones (quivered)
 n - 7 needles of sleeping
 s - 3 silver tomahawks
Armour
 f - a +0 ring mail
 i - a +0 robe
 p - a +0 buckler (worn)
Scrolls
 e - 3 scrolls of identify {unknown}
 g - a scroll of recharging {unknown}
 m - a scroll of noise {unknown}
 q - 2 scrolls of magic mapping {unknown}
Potions
 j - a potion of curing {unknown}
 r - a potion of ambrosia {unknown}
Books
 a - a book of Conjurations

   Spells                             Type                      Level
   a - Magic Dart                     Conjuration                  1
   b - Searing Ray                    Conjuration                  2
   c - Dazzling Spray                 Conjuration/Hexes            3
   d - Fulminant Prism                Conjuration/Hexes            4
   e - Force Lance                    Conjuration/Translocation    4
   f - Iskenderun's Mystic Blast      Conjuration                  4
Comestibles
 b - 3 bread rations
 c - 11 chunks of flesh
 h - 2 fruits


   Skills:
 + Level 0.2 Fighting
 - Level 1.7 Dodging
 + Level 1.8 Stealth
 + Level 0.6 Unarmed Combat
 + Level 2.3 Spellcasting
 + Level 4.4 Conjurations


You had 2 spell levels left.
You knew the following spells:

 Your Spells              Type           Power        Failure   Level  Hunger
a - Magic Dart            Conj           ###.         6%          1    #......
b - Searing Ray           Conj           ###...       9%          2    ###....


Dungeon Overview and Level Annotations

Branches:
Dungeon (3/15)

Altars:
Dithmenos


Innate Abilities, Weirdness & Mutations

Your plain brown scales are hard. (AC +4)
You cannot fit into any form of body armour.
You are cold-blooded and may be slowed by cold attacks.


Message History

Confirm with . or Enter, or press ? or * to list all spells.
Aiming: Searing Ray
Press: ? - help, Shift-Dir - straight line, f - gnoll
Aim: a gnoll, wielding a spear The searing ray hits the gnoll.
The gnoll is heavily wounded. (Press . to maintain the ray.)
The gnoll shouts!
The gnoll hits you from afar with a spear!
Ouch! That really hurt!
The searing ray hits the gnoll.
The gnoll is almost dead.
The gnoll closely misses you. The gnoll hits you with a spear!
* * * LOW HITPOINT WARNING * * *
You barely miss the gnoll.
The gnoll is almost dead.
The gnoll closely misses you.
The gnoll hits you from afar with a spear!
You die...

......>
############.......#
.......
########........##
.........##.....##
.#########.......#
###.......#
#.........#
#.รท.......#
#########.........#
.......@.gg.......#
#########g........#
#.........#
#.........#
#.........#
#####.#### ... ...


You could see 3 gnolls.

Vanquished Creatures
  3 leopard geckos (D:3)
  2 giant cockroaches (D:1)
  3 goblins
  A hobgoblin (D:1)
  A quokka (D:3)
  4 bats
  A frilled lizard (D:1)
  4 rats
19 creatures vanquished.

Notes
Turn   | Place    | Note
-------+----------+-------------------------------------------
     0 | D:1      | taytron the Draconian Conjurer began the quest for the Orb.
     0 | D:1      | Reached XP level 1. HP: 14/14 MP: 3/3
   272 | D:1      | Reached XP level 2. HP: 19/20 MP: 0/5
   335 | D:1      | Learned a level 2 spell: Searing Ray
   419 | D:3      | Found a shadowy altar of Dithmenos.
   660 | D:3      | Mangled by a gnoll

Action                   || total
-------------------------++-------
Melee: Unarmed           ||    77
       Tailslap          ||     7
 Cast: Magic Dart        ||    23
       Searing Ray       ||     3
  Use: Scroll            ||     1
Armor: Skin              ||    36
Dodge: Dodged            ||    87
